 Dungeon Crawl Stone Soup version 0.28.0-45-g0d030f2227 (webtiles) character file.

Game seed: 13777988225168046204

41052 DuloT34 the Eclecticist (level 13, -2/74 HPs)
             Began as a Deep Elf Air Elementalist on May 18, 2022.
             Was an Elder of Vehumet.
             Succumbed to a black mamba's poison
             ... on level 4 of the Lair of Beasts.
             The game lasted 01:10:25 (35303 turns).

DuloT34 the Eclecticist (DEAE)                     Turns: 35303, Time: 01:10:27

Health: -2/74      AC:  7    Str:  7    XL:     13   Next: 77%
Magic:  28/43      EV: 17    Int: 34    God:    Vehumet [****..]
Gold:   1249       SH:  6    Dex: 12    Spells: 3/43 levels left

rFire   . . .      SeeInvis +   r - staff of death
rCold   . . .      Faith    .   C - +3 warlock's mirror {reflect}
rNeg    + . .      Spirit   .   H - +0 steam dragon scales
rPois   .          Reflect  +   B - +0 mask of the Dragon {Will+ Slay+3 SInv}
rElec   +          Harm     .   s - +0 cloak
rCorr   .          Rampage  .   (no gloves)
Will    ++...                   J - +0 pair of boots
Stlth   ++........              (no amulet)
HPRegen 0.22/turn               N - ring of Mudaog {rElec MP+9 Int+4 Dex-3 Slay+3}
MPRegen 0.28/turn               y - +6 ring of intelligence

@: lethally poisoned (-2 -> -23), swift, quick
A: no striking features
a: Renounce Religion


You were on level 4 of the Lair of Beasts.
You worshipped Vehumet.
Vehumet was greatly pleased with you.
You visited 3 branches of the dungeon, and saw 18 of its levels.

You collected 1249 gold pieces.

Inventory:

Hand Weapons
 e - a +0 war axe of electrocution
 n - a +1 dagger of freezing
Missiles
 x - 3 throwing nets
Armour
 a - a +1 robe
 f - a +2 hat
 s - a +0 cloak (worn)
 B - the +0 mask of the Dragon (worn) {Will+ Slay+3 SInv}
   (You found it on level 7 of the Dungeon)

   Slay:      It affects your accuracy & damage with ranged weapons and melee
   (+3).
   SInv:      It lets you see invisible.
   Will:      It increases your willpower.
 C - the +3 warlock's mirror (worn) {reflect}
   (You acquired it on level 5 of the Lair of Beasts)

   It can block and reflect piercing ranged attacks and magical attacks against
   the wielder's willpower.
 H - +0 steam dragon scales (worn)
 J - a +0 pair of boots (worn)
Magical Staves
 r - a staff of death (weapon)
 t - a staff of earth
Jewellery
 i - a +4 ring of protection
 m - a ring of ice
 w - the amulet "Ushraomnu" {Spirit rC- Dex+4 Stlth+}
   (You found it on level 5 of the Dungeon)

   [amulet of guardian spirit]

   It causes incoming damage to be divided between your reserves of health and
   magic.
   Dex:       It affects your dexterity (+4).
   rC:        It makes you vulnerable to cold.
   Stlth:     It makes you more stealthy.
 y - a +6 ring of intelligence (right hand)
 D - a ring of protection from cold
 K - a ring of fire
 N - the ring of Mudaog (left hand) {rElec MP+9 Int+4 Dex-3 Slay+3}
   (You acquired it on level 4 of the Lair of Beasts)

   [ring of magical power]

   Int:       It affects your intelligence (+4).
   Dex:       It affects your dexterity (-3).
   Slay:      It affects your accuracy & damage with ranged weapons and melee
   (+3).
   rElec:     It insulates you from electricity.
   MP:        It affects your magic capacity (+9).
Wands
 h - a wand of charming (2)
 q - a wand of polymorph (21)
 v - a wand of mindburst (17)
 A - a wand of acid (15)
 L - a wand of paralysis (7)
 P - a wand of iceblast (18)
 V - a wand of digging (5)
Scrolls
 j - 5 scrolls of magic mapping
 E - 3 scrolls of teleportation
 G - 2 scrolls of fear
 M - a scroll of blinking
 O - 2 scrolls of vulnerability
 Q - a scroll of enchant armour
 T - 2 scrolls of immolation
 W - a scroll of amnesia
Potions
 b - 3 potions of brilliance
 c - 5 potions of curing
 d - 3 potions of resistance
 g - 3 potions of haste
 k - 4 potions of attraction
 l - 6 potions of might
 o - 2 potions of flight
 p - a potion of berserk rage
 u - a potion of invisibility
 z - a potion of magic {unknown}
 F - 2 potions of heal wounds
 I - a potion of cancellation {unknown}
 R - a potion of mutation
 S - a potion of ambrosia
 U - a potion of degeneration {unknown}


   Skills:
 + Level 5.7 Fighting
 + Level 14.0 Dodging
 - Level 2.4 Stealth
 + Level 15.6 Spellcasting
 - Level 6.1 Conjurations
 - Level 10.0 Necromancy
 + Level 13.2 Air Magic


You had 3 spell levels left.
You knew the following spells:

 Your Spells              Type           Power      Damage    Failure   Level
a - Shock                 Conj/Air       100%       1d9       1%          1
b - Static Discharge      Conj/Air       75%        N/A       1%          2
c - Airstrike             Air            43%        N/A       1%          4
d - Swiftness             Air            87%        N/A       1%          3
e - Dazzling Flash        Conj/Hex       94%        N/A       1%          3
f - Iskenderun's Mystic   Conj/Tloc      47%        2d10      1%          4
g - Searing Ray           Conj           100%       2d8       1%          2
h - Dispel Undead         Necr           97%        3d30      1%          4
i - Irradiate             Conj/Tmut      23%        3d21      4%          5
j - Death Channel         Necr           48%        N/A       4%          6
k - Blink                 Tloc           52%        N/A       3%          2
l - Hailstorm             Conj/Ice       47%        3d11      1%          4

Your spell library contained the following spells:

 Spells                   Type           Power      Damage    Failure   Level
 Stone Arrow              Conj/Erth      94%        3d12      1%          3
 Beastly Appendage        Tmut           52%        N/A       1%          1
 Freeze                   Ice            100%       1d11      1%          1
 Corpse Rot               Necr/Air       100%       N/A       1%          2
 Sublimation of Blood     Necr           97%        N/A       1%          2
 Frozen Ramparts          Ice            52%        1d7       1%          3
 Ensorcelled Hibernation  Hex/Ice        52%        N/A       3%          2
 Wereblood                Tmut           26%        N/A       3%          2
 Lesser Beckoning         Tloc           26%        N/A       6%          3
 Spider Form              Tmut/Pois      26%        N/A       6%          3
 Tukima's Dance           Hex            26%        N/A       6%          3
 Anguish                  Hex/Necr       37%        N/A       2%          4
 Yara's Violent Unravell  Hex/Tmut       13%        3d7       16%         5
 Passage of Golubria      Tloc           26%        N/A       21%         4
 Petrify                  Tmut/Erth      26%        N/A       21%         4
 Starburst                Conj/Fire      23%        6d8       22%         6
 Manifold Assault         Tloc           26%        N/A       50%         5


Dungeon Overview and Level Annotations

Branches:
Dungeon (12/15)            Temple (1/1) D:5            Lair (6/6) D:11
 Shoals (0/4) Lair:4        Snake (0/4) Lair:3        Slime (0/5) Lair:5
    Orc (0/2) D:10

Altars:
Ashenzari
Cheibriados
Dithmenos
Elyvilon
Fedhas
Gozag
Kikubaaqudgha
Nemelex Xobeh
Okawaru
Qazlal
Ru
Sif Muna
Trog
Uskayaw
Vehumet
Wu Jian
Xom
Yredelemnul
The Shining One

Shops:
D:7 (

Annotations:
D:3 1 runed translucent door, Crazy Yiuf
Lair:2 2 transporters, kwass's ghost, journeyman GnWn


Message History

You erupt in a blast of force!
The mystic blast hits the fungus!
The fungus begins to die.
The fungus is lightly damaged.
The mystic blast hits the water moccasin!
The water moccasin is heavily wounded.
The water moccasin is knocked back by the mystic blast.
The mystic blast hits the black mamba!
The black mamba is moderately wounded.
The black mamba is knocked back by the mystic blast.
The mystic blast hits the fungus!
The fungus begins to die.
The fungus is lightly damaged.
You feel sick.
Casting: Iskenderun's Mystic Blast (dangerous; 1% risk of failure)
Confirm with . or Enter, or press ? or * to list all spells.
Casting: Hailstorm (dangerous; 1% risk of failure)
Press: ? - help, Dir - look around, f - activate A cannonade of hail descends around you!
The hail pelts the black mamba!
The black mamba is severely wounded.
The hail pelts the fungus!!
The fungus is lightly damaged.
The hail pelts the water moccasin!
The water moccasin is almost dead.
You feel sick. The black mamba bites you!
* * * LOW HITPOINT WARNING * * *
You are more poisoned.
The black mamba poisons you!
Casting: Hailstorm (dangerous; 1% risk of failure)
Confirm with . or Enter, or press ? or * to list all spells.
You erupt in a blast of force!
The mystic blast hits the fungus!
The fungus is moderately damaged.
The mystic blast hits the water moccasin!
You kill the water moccasin!
Vehumet accepts your kill.
You feel your power returning.
The mystic blast hits the black mamba!
The black mamba is almost dead.
The black mamba is knocked back by the mystic blast.
The mystic blast hits the fungus!
The fungus is lightly damaged.
You die...

##........).................
#..#....#.##...##....####...
#...#...##...P#####..#..P...
##...........................
#.#..#.......................
##.....................#.....
#...........................
#..)...P..#......P##........
##.......P.@.S..............
#.........P#†#.....#.....P..
#PP.........................
#P...........#..#...........
#...........................
#..#...#.............##.#.#.
##..........................
##.P##.#.P#.#.P##....#......
#...........................


You could see a black mamba.

Vanquished Creatures
  A quicksilver ooze (Lair:4)
  7 hydras
  An ice dragon (Lair:5)
  A catoblepas (Lair:3)
  2 two-headed ogres
  3 death yaks (Lair:2)
  Sonja (Lair:5)
  The ghost of EtherCrawl the Thaumaturge, a novice DEFE of Vehumet (D:7)
  A deep elf pyromancer (D:12)
  7 black mambas
  14 cane toads
  A gargoyle (D:12)
  Psyche (D:10)
  4 komodo dragons
  A hornet (D:11)
  A troll (D:11)
  2 polar bears
  20 blink frogs
  8 slime creatures
  Sigmund (D:5)
  A wraith (D:10)
  37 yaks
  5 wyverns
  3 basilisks
  3 steam dragons
  Menkaure (D:7)
  4 nagas (Lair:3)
  2 acid dragons (D:11)
  11 water moccasins
  A sky beast (D:7)
  4 orc warriors
  A black bear (D:6)
  5 ogres
  An ice beast (D:6)
  2 necrophages
  21 wolves
  5 centaurs
  4 kobold brigands
  3 phantoms
  Blork the orc (D:4)
  12 bullfrogs
  2 scorpions
  3 water moccasin skeletons
  13 killer bees
  3 howler monkeys (D:10)
  10 electric eels
  A centaur zombie (D:6)
  3 bullfrog zombies (D:5)
  A gnoll shaman (D:9)
  9 hounds
  8 jellies
  5 orc priests
  2 centaur skeletons
  3 iguanas
  Natasha (thrice) (D:4)
  9 orc wizards
  Terence (D:3)
  3 hound skeletons
  A mummy (D:7)
  A howler monkey zombie (D:10)
  5 gnolls (D:9)
  8 adders
  4 white imps
  An ufetubus (D:6)
  An adder zombie (D:5)
  An adder skeleton (D:4)
  2 worms
  4 dart slugs
  22 orcs
  7 ball pythons
  9 bats
  8 endoplasms
  3 giant cockroaches
  13 hobgoblins
  A jackal (D:4)
  4 quokkas
  A frilled lizard (D:1)
  4 goblins
  26 kobolds
  A kobold zombie (D:7)
  7 rats
  A butterfly (Lair:4)
419 creatures vanquished.

Vanquished Creatures (collateral kills)
  2 yaks (Lair:4)
2 creatures vanquished.

Vanquished Creatures (others)
  A bush (Lair:1)
  15 fungi
  81 plants
  A withered plant (D:5)
98 creatures vanquished.

Grand Total: 519 creatures vanquished

Notes
Turn   | Place    | Note
-------+----------+-------------------------------------------
     0 | D:1      | DuloT34 the Deep Elf Air Elementalist began the quest for
                  | the Orb.
     0 | D:1      | Reached XP level 1. HP: 10/10 MP: 6/6
   145 | D:1      | Reached XP level 2. HP: 12/15 MP: 0/8
   148 | D:1      | Learned a level 2 spell: Static Discharge
  1335 | D:1      | Found a faded altar of an unknown god.
  1475 | D:2      | Reached XP level 3. HP: 19/19 MP: 8/10
  2376 | D:2      | Reached skill level 4 in Spellcasting
  2991 | D:2      | Reached XP level 4. HP: 24/24 MP: 8/12
  3039 | D:2      | Learned a level 4 spell: Airstrike
  3050 | D:2      | Learned a level 3 spell: Swiftness
  3418 | D:3      | Noticed Terence
  3423 | D:3      | Killed Terence
  3587 | D:3      | Found a runed translucent door.
  3588 | D:3      | Noticed Crazy Yiuf
  4060 | D:3      | Reached XP level 5. HP: 16/28 MP: 2/14
  4517 | D:3      | Found a snail-covered altar of Cheibriados.
  4517 | D:3      | Found a bloodstained altar of Trog.
  5429 | D:4      | Noticed a phantom
  5439 | D:4      | Killed a phantom
  5440 | D:4      | Reached skill level 5 in Spellcasting
  5703 | D:4      | Reached XP level 6. HP: 16/32 MP: 4/16
  6208 | D:4      | Reached skill level 5 in Dodging
  6227 | D:4      | Noticed Natasha
  6228 | D:4      | Killed Natasha
  6463 | D:4      | Noticed Blork the orc
  6726 | D:4      | Killed Blork the orc
  6727 | D:4      | Reached skill level 5 in Air Magic
  6729 | D:4      | Noticed Natasha
  6731 | D:4      | Killed Natasha
  6732 | D:4      | Reached skill level 6 in Spellcasting
  7307 | D:4      | Noticed Natasha
  7309 | D:4      | Killed Natasha
  7491 | D:5      | Entered Level 5 of the Dungeon
  7495 | D:5      | Reached XP level 7. HP: 36/36 MP: 5/18
  8228 | D:5      | Found a staircase to the Ecumenical Temple.
  8237 | Temple   | Entered the Ecumenical Temple
  8306 | Temple   | Became a worshipper of Vehumet
  8572 | D:5      | Reached skill level 7 in Spellcasting
  8983 | D:5      | Noticed Sigmund
  8986 | D:5      | Killed Sigmund
  8987 | D:5      | Reached skill level 1 in Fighting
  8987 | D:5      | Reached XP level 8. HP: 43/43 MP: 7/21
  9426 | D:5      | Reached skill level 8 in Spellcasting
 10844 | D:5      | Identified the amulet "Ushraomnu" {Spirit rC- Dex+4 Stlth+}
 11241 | D:6      | Reached skill level 9 in Spellcasting
 11772 | D:6      | Reached XP level 9. HP: 48/52 MP: 9/24
 11881 | D:6      | Reached * piety under Vehumet
 11881 | D:6      | Offered knowledge of Foxfire by Vehumet.
 12847 | D:7      | Reached skill level 10 in Spellcasting
 12892 | D:7      | Found Qaecs's Antique Weapon Shoppe.
 12966 | D:7      | Learned a level 3 spell: Dazzling Flash
 12971 | D:7      | Learned a level 4 spell: Iskenderun's Mystic Blast
 13257 | D:7      | Noticed Menkaure
 13510 | D:7      | Reached skill level 5 in Fighting
 13663 | D:7      | Killed Menkaure
 13711 | D:7      | Reached ** piety under Vehumet
 13815 | D:7      | Found the +0 mask of the Dragon {Will+ Slay+3 SInv}
 13844 | D:7      | Offered knowledge of Searing Ray by Vehumet.
 13886 | D:7      | Found a runed translucent gate.
 13903 | D:7      | Learned a level 2 spell: Searing Ray
 13918 | D:7      | Found a runed translucent gate.
 13918 | D:7      | Found a runed translucent gate.
 13923 | D:7      | Noticed EtherCrawl's ghost (novice DEFE)
 13929 | D:7      | Killed EtherCrawl's ghost
 13930 | D:7      | Reached XP level 10. HP: 59/59 MP: 12/26
 14414 | D:7      | You fall into a shaft and drop 3 floors!
 14414 | D:10     | Entered Level 10 of the Dungeon
 15152 | D:9      | Reached skill level 5 in Conjurations
 15229 | D:9      | Found a blossoming altar of Fedhas.
 15773 | D:9      | Offered knowledge of Ignite Poison by Vehumet.
 16167 | D:10     | Reached *** piety under Vehumet
 16814 | D:10     | Noticed a two-headed ogre
 16819 | D:10     | Killed a two-headed ogre
 16820 | D:10     | Reached skill level 11 in Spellcasting
 16820 | D:10     | Reached skill level 10 in Air Magic
 16825 | D:10     | Learned a level 4 spell: Dispel Undead
 16954 | D:10     | Reached skill level 1 in Necromancy
 17260 | D:10     | Reached XP level 11. HP: 63/63 MP: 18/28
 17452 | D:10     | Found a staircase to the Orcish Mines.
 17659 | D:10     | Noticed Psyche
 17662 | D:10     | Killed Psyche
 17797 | D:11     | Noticed an eight-headed hydra
 17802 | D:11     | Killed an eight-headed hydra
 18041 | D:11     | Identified the +0 scale mail "Copus" {Rampage rElec Str+3}
 18245 | D:11     | Reached skill level 10 in Dodging
 18277 | D:11     | Offered knowledge of Sticky Flame by Vehumet.
 18621 | D:11     | Found a staircase to the Lair.
 19138 | D:11     | Noticed a two-headed ogre
 19145 | D:11     | Killed a two-headed ogre
 19502 | D:12     | Reached skill level 12 in Spellcasting
 19599 | D:12     | Noticed a deep elf pyromancer
 19605 | D:12     | Killed a deep elf pyromancer
 20271 | Lair:1   | Entered Level 1 of the Lair of Beasts
 20404 | Lair:1   | Reached skill level 5 in Necromancy
 20793 | Lair:1   | Noticed a six-headed hydra
 20798 | Lair:1   | Killed a six-headed hydra
 21698 | Lair:1   | You fall into a shaft and drop 1 floor!
 21717 | Lair:2   | Found a transporter.
 21719 | Lair:2   | Noticed a death yak
 22226 | Lair:1   | Reached XP level 12. HP: 68/68 MP: 13/30
 22666 | Lair:1   | Reached skill level 13 in Spellcasting
 23577 | Lair:1   | Learned a level 5 spell: Irradiate
 23584 | Lair:1   | Learned a level 6 spell: Death Channel
 25185 | Lair:2   | Reached **** piety under Vehumet
 25456 | Lair:2   | Noticed a death yak
 25459 | Lair:2   | Noticed kwass's ghost (journeyman GnWn)
 25487 | Lair:2   | Killed a death yak
 25819 | Lair:2   | Noticed a death yak
 26039 | Lair:2   | Found a transporter.
 26707 | Lair:2   | Killed a death yak
 26867 | Lair:2   | Killed a death yak
 27022 | Lair:2   | Noticed a five-headed hydra
 27028 | Lair:2   | Killed a five-headed hydra
 27579 | Lair:3   | Reached skill level 14 in Spellcasting
 27594 | Lair:3   | Noticed a seven-headed hydra
 27599 | Lair:3   | Killed a seven-headed hydra
 27618 | Lair:3   | Noticed a seven-headed hydra
 27965 | Lair:3   | Killed a seven-headed hydra
 28658 | Lair:3   | Noticed a catoblepas
 28819 | Lair:3   | Killed a catoblepas
 28820 | Lair:3   | Reached XP level 13. HP: 72/72 MP: 18/33
 28884 | Lair:3   | Found a staircase to the Snake Pit.
 29611 | Lair:4   | Offered knowledge of Stone Arrow by Vehumet.
 29728 | Lair:4   | Found a staircase to the Shoals.
 29965 | Lair:4   | Identified 2 scrolls of acquirement
 29965 | Lair:4   | Acquired the ring of Mudaog {rElec MP+9 Int+4 Dex-3 Slay+3}
 30710 | Lair:4   | Noticed a quicksilver ooze
 30713 | Lair:4   | Killed a quicksilver ooze
 31305 | Lair:5   | Noticed Sonja
 31500 | Lair:5   | Reached skill level 15 in Spellcasting
 31693 | Lair:5   | Killed Sonja
 32333 | Lair:5   | Reached skill level 10 in Necromancy
 32359 | Lair:5   | Found a blossoming altar of Fedhas.
 32590 | Lair:5   | Acquired the +3 warlock's mirror {reflect}
 32590 | Lair:5   | Found the +3 warlock's mirror {reflect}
 32908 | Lair:5   | Learned a level 2 spell: Blink
 32913 | Lair:5   | Learned a level 4 spell: Hailstorm
 33168 | Lair:5   | Found a staircase to the Slime Pits.
 34612 | Lair:6   | Entered Level 6 of the Lair of Beasts
 35290 | Lair:5   | HP: 1/74 [black mamba (7)]
 35302 | Lair:4   | HP: 2/74 [black mamba (15)]
 35303 | Lair:4   | Succumbed to a black mamba's poison

Illustrated notes

Levels and vault maps discovered:
D:1:      kennysheep_arrival_forest, layout_rooms,
          shapermc_ecumenical_altar_mp_ritualfount, minmay_pentomino_s2
D:2:      layout_basic, minmay_pentomino_pile
D:3:      layout_loops_ring, gammafunk_temple_overflow_pools,
          corexii_hall_statues_x, chequers_jeans, uniq_terence,
          uniq_crazy_yiuf_cottage
D:4:      layout_gridville, kennysheep_small_square, uniq_natasha,
          uniq_blork_the_orc
D:5:      layout_basic, minmay_temple_entry_waves, serial_undead,
          serial_undead_a, serial_undead_e, serial_undead_e, serial_undead_c,
          uniq_sigmund
D:6:      layout_rooms
D:7:      layout_cave_pools, serial_shops, nicolae_shop_waterfront,
          ebering_ghost_rock_garden, nicolae_ossuary_entry_giza, uniq_menkaure
D:9:      layout_basic, kennysheep_mini, serial_aquarium, aquarium_bridge_square
          [aquarium_subvault_bridge, aquarium_subvault_window,
          aquarium_subvault_wall, aquarium_subvault_wall], aquarium_window_3,
          aquarium_window_1, aquarium_window_1, aquarium_view_2d,
          aquarium_balcony_5a, bh_walls_and_bars
D:10:     layout_roguey, orc_0_dummy, serial_bayou, serial_bayou_ford_a,
          serial_bayou_crossing, serial_bayou_lake_a, serial_bayou_pond_b,
          serial_park_tiny_pond, chequers_serial_rivers_micro_e, uniq_psyche
D:11:     layout_roguey, erik_lair_island
D:12:     layout_roguey
Temple:   nicolae_temple_x_marks_the_god
Lair:1:   layout_loops_ring
Lair:2:   layout_gridlike, nzn_ghost_randoct, nicolae_lair_grazing_beasts
          [nicolae_sub_lair_graze_edge, nicolae_sub_lair_graze_edge,
          nicolae_sub_lair_graze_edge, nicolae_sub_lair_graze_edge]
Lair:3:   layout_roguey, minmay_snake_entry_guardpost_small
Lair:4:   layout_long_grid, shoals_dummy_entry, nicolae_lair_time_for_slime,
          lemuel_fruit_fields
Lair:5:   cheibrodos_lair_river_kwai, layout_cave_pods,
          minmay_slime_entry_pillars, basic_altar, bobbens_ice_dragon_lair,
          uniq_sonja
Lair:6:   grunt_lair_end_beastmaster, layout_misc_corridors, minivault_24,
          uniq_nessos

Skill      XL: |  1  2  3  4  5  6  7  8  9 10 11 12 13 |
---------------+----------------------------------------+-----
Dodging        | 3 4 5 6 7 9 11 12 14 | 14.0
Spellcasting   | 4 5 6 7 9 10 11 12 14 15 | 15.6
Air Magic      | 4 5 6 7 8 10 11 12 13 | 13.2
Fighting       | 1 3 5 |  5.7
Conjurations   | 3 6 |  6.1
Necromancy     | 1 6 8 10 | 10.0
Stealth        | |  2.4

Action                   |  1- 3 |  4- 6 |  7- 9 | 10-12 | 13-15 || total
-------------------------+-------+-------+-------+-------+-------++-------
Melee: Unarmed           |    22 |     5 |       |       |       ||    27
       Punch             |     1 |       |       |       |       ||     1
       Dagger            |       |     1 |       |       |       ||     1
       Staff             |       |       |       |    20 |     6 ||    26
 Cast: Shock             |    92 |    61 |    24 |    11 |       ||   188
       Static Discharge  |    11 |    25 |    26 |    30 |     1 ||    93
       Airstrike         |       |    21 |   105 |   321 |   123 ||   570
       Swiftness         |       |       |     1 |    13 |     5 ||    19
       Iskenderun's Myst |       |       |     2 |    15 |    16 ||    33
       Dazzling Flash    |       |       |     1 |    10 |     1 ||    12
       Searing Ray       |       |       |       |    12 |     4 ||    16
       Irradiate         |       |       |       |    11 |    15 ||    26
       Hailstorm         |       |       |       |       |    16 ||    16
       Death Channel     |       |       |       |       |     3 ||     3
Evoke: Wand              |       |       |       |     1 |     2 ||     3
  Use: Scroll            |     3 |     4 |     2 |     5 |    16 ||    30
       Potion            |       |       |       |     1 |     2 ||     3
Armor: Robe              |    25 |    15 |    25 |     2 |       ||    67
       Steam dragon scal |       |       |       |    39 |    17 ||    56
Dodge: Dodged            |    56 |    12 |    59 |   158 |   101 ||   386
Block: Buckler           |       |       |       |       |     8 ||     8
